 Dungeon Crawl Stone Soup version 0.22-a0-433-gd2a9cce (webtiles) character file.

204 Borgoz the Ruffian (level 5, -7/45 HPs)
             Began as a Ghoul Gladiator on May 27, 2018.
             Mangled by a phantom (8 damage)
             ... on level 4 of the Dungeon.
             The game lasted 00:03:50 (3095 turns).

Borgoz the Ruffian (Ghoul Gladiator)                Turns: 3095, Time: 00:03:51

Health: -7/45      AC:  4    Str: 18    XL:     5   Next: 82%
Magic:  4/4        EV: 13    Int:  3    God:
Gold:   196        SH:  0    Dex: 11    Spells: 4/4 levels left

rFire    . . .     SeeInvis .     - Unarmed
rCold    + . .     Gourm    .   (no shield)
rNeg     + + +     Faith    .   a - +0 leather armour
rPois    ∞         Spirit   .   b - +0 helmet
rElec    .         Reflect  .   (no cloak)
rCorr    .         Harm     .   (no gloves)
MR       .....                  (no boots)
Stlth    +.........             (no amulet)
HPRegen  0.00/turn              (no ring)
MPRegen  0.09/turn              (no ring)

@: rotting
A: rotting body, claws 1, carnivore, cold resistance 1, negative energy
resistance 3, inhibited regeneration, torment resistance, unbreathing
a: no special abilities


You were on level 4 of the Dungeon.
You were not hungry.

You visited 1 branch of the dungeon, and saw 4 of its levels.

You collected 196 gold pieces.

Inventory:

Missiles
 c - 5 throwing nets (quivered)
Armour
 a - a +0 leather armour (worn)
 b - a +0 helmet (worn)
Jewellery
 n - an uncursed amulet of faith {unknown}
Scrolls
 f - 3 scrolls of teleportation
 i - a scroll of immolation {unknown}
 j - 4 scrolls of identify {unknown}
 l - a scroll of enchant armour {unknown}
 m - a scroll of fog {unknown}
 q - a scroll of noise {unknown}
 s - a scroll of remove curse {unknown}
Potions
 e - a potion of lignification {unknown}
 g - a potion of agility {unknown}
 h - a potion of brilliance {unknown}
 k - a potion of degeneration {unknown}
 o - a potion of cancellation {unknown}
 p - a potion of magic {unknown}
 r - a potion of curing {unknown}
Comestibles
 d - 5 rations


   Skills:
 + Level 3.1 Fighting
 - Level 1.7 Throwing
 * Level 2.7 Armour
 * Level 4.0 Dodging
 + Level 4.0 Unarmed Combat


You had 4 spell levels left.
You didn't know any spells.
Your spell library was empty.

Dungeon Overview and Level Annotations

Branches:
Dungeon (4/15)
 Temple: D:4-7

Altars:
Fedhas
Qazlal


Innate Abilities, Weirdness & Mutations

Your body is rotting away.
You thrive on raw meat.
You are immune to poison.
You have sharp fingernails.
You are carnivorous and can eat meat at any time.
Your flesh is cold resistant. (rC+)
You are immune to negative energy. (rN+++)
You do not regenerate when monsters are visible.
You are immune to unholy pain and torment.
You can survive without breathing.


Message History

The gnoll hits you from afar with a spear!
* * * LOW HITPOINT WARNING * * *
Unknown command.
The howler monkey hoots and howls with incredible vigour!
As you read the scroll labeled KITEICIFENU, it crumbles to dust.
You feel strangely unstable.
It was a scroll of teleportation.
The gnoll hits you but does no damage.
Your surroundings suddenly seem different.
A gnoll comes into view. It is wielding a spear.
The gnoll shouts!
The gnoll hits you from afar with a spear.
* * * LOW HITPOINT WARNING * * *
A phantom comes into view.
The orc closely misses you. The gnoll misses you.
The phantom moves out of view.
The orc hits you but does no damage.
The gnoll hits you from afar with a spear.
* * * LOW HITPOINT WARNING * * *
The phantom hits you!
You die...

#......................##
###..###...........##... ...#
.....# ###.......## #..###...#
###.## #.#...#.# #.. ..... ....#
#.#...#.# #.#.....# #####
#.#...#.# #<#.#... # #.......#
##.#.#..# # ########...W.#
#hO...).####.# #
##.##.###...#@###.##.........! #
##.#..#..####g.o##)####..####.#
##.#..###......O..)>...#..####.#
##.#.#.(#..####...##.##.#.......#
#.#.###....# ##.###.##.##.######
##.#.#.#.#.#####.# #.......#
##.#.#....##....# ####.####
##.#.######h#### #.# ###.##
####o#### ##.##


You could see a phantom, an ogre, a gnoll and an orc.

Vanquished Creatures
  A worker ant (D:3)
  6 adders (D:2)
  2 gnolls (D:4)
  2 oozes
  5 dart slugs
  A worm (D:3)
  3 leopard geckos
  3 orcs
  A ball python (D:3)
  2 giant cockroaches
  12 goblins
  3 hobgoblins
  10 jackals
  13 kobolds
  A quokka (D:2)
  5 bats
  3 frilled lizards
  11 rats
84 creatures vanquished.

Vanquished Creatures (others)
  A bat (D:2)
1 creature vanquished.

Grand Total: 85 creatures vanquished

Notes
Turn   | Place    | Note
-------+----------+-------------------------------------------
     0 | D:1      | Borgoz the Ghoul Gladiator began the quest for the Orb.
     0 | D:1      | Reached XP level 1. HP: 17/17 MP: 0/0
    40 | D:1      | Reached XP level 2. HP: 19/25 MP: 1/1
   184 | D:1      | Reached skill level 1 in Armour
   375 | D:1      | Reached XP level 3. HP: 28/28 MP: 2/2
  1119 | D:2      | Reached XP level 4. HP: 37/37 MP: 3/3
  1267 | D:2      | Found a blossoming altar of Fedhas.
  1694 | D:2      | Reached XP level 5. HP: 42/44 MP: 4/4
  2571 | D:3      | Found a stormy altar of Qazlal.
  2890 | D:4      | Noticed an ogre
  3093 | D:4      | Noticed a phantom
  3094 | D:4      | HP: 1/45 [gnoll/spear (5)]
  3095 | D:4      | Mangled by a phantom

Vault maps used:
D:1:      mrwooster_arrival_statue
D:2:      lemuel_doored_altar, first_ration
D:3:      lemuel_coloured_pillars_altar

Skill      XL: |  1  2  3  4  5 |
---------------+----------------+-----
Dodging        | 3 4 |  4.0
Armour         | 1 2 |  2.7
Fighting       | 3 |  3.1
Unarmed Combat | 4 |  4.0
Throwing       | |  1.7

Action                   |  1- 3 |  4- 6 || total
-------------------------+-------+-------++-------
Melee: Unarmed           |   106 |   174 ||   280
       Punch             |       |     5 ||     5
  Use: Scroll            |       |     1 ||     1
 Stab: Sleeping          |     1 |       ||     1
  Eat: Chunk             |    14 |     6 ||    20
Armor: Leather armour    |    29 |    36 ||    65
Dodge: Dodged            |    80 |   179 ||   259

Table legend:
 A = Spawn XP
 B = Non-spawn XP
 C = Spawn XP percentage of total XP
 D = Spawn monster count
 E = Non-spawn monster count
 F = Spawn count percentage of total count
 G = Total turns spent on level
                    A         B        C        D         E        F      G
               +---------+---------+-------+---------+---------+-------+---------
         Total |       0 |     292 |   0.0 |       0 |      84 |   0.0 |  3095
               +---------+---------+-------+---------+---------+-------+---------
           D:1 |       0 |      46 |   0.0 |       0 |      26 |   0.0 |   912
           D:2 |       0 |     123 |   0.0 |       0 |      26 |   0.0 |   960
           D:3 |       0 |      86 |   0.0 |       0 |      25 |   0.0 |   823
           D:4 |       0 |      37 |   0.0 |       0 |       7 |   0.0 |   400
               +---------+---------+-------+---------+---------+-------+---------
